 Dungeon Crawl Stone Soup version 0.31-a0-4-gefa6de2278 (webtiles) character file.

Game seed: 2156214960210116803

130 funkygono the Covered (level 4, -2/41 HPs)
             Began as a Minotaur Fighter on May 4, 2023.
             Killed from afar by an orc wizard (4 damage)
             ... with a puff of flame
             ... on level 4 of the Dungeon.
             The game lasted 00:02:11 (2567 turns).

funkygono the Covered (Minotaur Fighter)            Turns: 2567, Time: 00:02:12

Health: -2/41      AC:  7    Str: 23    XL:     4   Next: 89%
Magic:  3/3        EV:  9    Int:  5    God:
Gold:   164        SH:  4    Dex:  9    Spells: 3/3 levels left

rFire   . . .        a - +0 war axe
rCold   . . .        c - +0 buckler
rNeg    . . .        b - +0 scale mail
rPois   .            (helmet restricted)
rElec   .            (no cloak)
rCorr   .            (no gloves)
SInv    .            (no boots)
Will    .....        h - amulet of magic regeneration Stlth
                     (no ring)
HPRegen 0.26/turn    (no ring)
MPRegen 0.48/turn

%: no passive effects
@: no status effects
A: horns 2, retaliatory headbutt
a: no special abilities


You were on level 4 of the Dungeon.
You visited 1 branch of the dungeon, and saw 4 of its levels.

You collected 164 gold pieces.

Inventory:

Hand Weapons
 a - a +0 war axe (weapon)
Missiles
 x - 3 boomerangs (quivered)
Armour
 b - a +0 scale mail (worn)
 c - a +0 buckler (worn)
Jewellery
 h - an amulet of magic regeneration (around neck)
 s - a +6 ring of intelligence
Scrolls
 f - a scroll of brand weapon {unknown}
 g - a scroll of blinking {unknown}
 i - a scroll of silence {unknown}
 k - 2 scrolls of vulnerability {unknown}
 l - 2 scrolls of teleportation {unknown}
 m - 4 scrolls of enchant armour {unknown}
 n - 5 scrolls of identify {unknown}
 p - a scroll of fog {unknown}
 r - a scroll of magic mapping {unknown}
 v - a scroll of enchant weapon {unknown}
 y - a scroll of amnesia {unknown}
Potions
 d - a potion of might
 e - 4 potions of curing {unknown}
 j - 3 potions of heal wounds {unknown}
 o - 2 potions of resistance {unknown}
 q - a potion of degeneration {unknown}
 t - a potion of cancellation {unknown}
 u - a potion of haste {unknown}
 w - a potion of magic {unknown}


   Skills:
 + Level 4.4 Fighting
 + Level 4.2 Axes
 + Level 4.5 Armour
 + Level 0.4 Dodging
 + Level 0.1 Stealth
 + Level 4.2 Shields


You had 3 spell levels left.
You didn't know any spells.
Your spell library contained the following spells:

 Spells                   Type           Power      Damage    Failure   Level
 Stone Arrow              Conj/Erth      0%         3d7       99%         3
 Animate Armour           Summ/Erth      0%         N/A       100%        4
 Lehudib's Crystal Spear  Conj/Erth      0%         10d2      100%        8


Dungeon Overview and Level Annotations

Branches:
Dungeon (4/15)
 Temple: D:4-7

Altars:

Shops:
D:2 :

Annotations:
D:4 1 runed translucent door, Pim's ghost, amateur GnVM


Innate Abilities, Weirdness & Mutations

You have a pair of horns on your head.
You reflexively headbutt those who attack you in melee.


Message History

The orc hits you but does no damage.
You bump into the rock wall.
You feel less confused. Something hits you but does no damage.
The orc misses you.
You slash the orc!
You kill the orc!
You closely miss something. Something hits you but does no damage.
You barely miss the orc. You barely miss something.
You hear some strange, mumbled words.
Something tries to affect you, but you resist.
The orc hits you with a +0 war axe. x2; Something hits you.
You hit the orc but do no damage. Your headbutt misses the orc.
You barely miss something. The orc hits you with a +0 war axe.
You hear some strange, mumbled words.
A magic dart appears from out of thin air!
The magic dart hits you!
* * * LOW HITPOINT WARNING * * *
You barely miss the orc. You hit something. The orc closely misses you.
Something hits you but does no damage.
You hit the orc. You headbutt the orc.
You kill the orc!
You miss something. Something hits you but does no damage.
The orc priest begins to cast a cantrip, but forgets the words!
The orc priest mumbles some strange prayers to Beogh against you.
Pain shoots through your body!
* * * LOW HITPOINT WARNING * * *
Something hits you.
* * * LOW HITPOINT WARNING * * *
Something hits you.
* * * LOW HITPOINT WARNING * * *
The orc priest hits you but does no damage.
Items here: )) [ †.
You hit the orc priest.
The orc priest is lightly wounded.
You completely miss something.
The giant cockroach waves its antennae. x2
You hear some strange, mumbled words.
A puff of flame appears from out of thin air!
The puff of flame hits you.
You die...

### ..# #### #.#
..... #.# #....####
#.# #.>..o@.###.#
#.#####{....########
#.............
##+##.########
#BWS#.....#
#rB~#.###.# #~~~#.#
#.# #~~~### #.#
#~$~# #.#######


You could see an orc priest, Pim's ghost, an adder, a river rat and 2 giant
cockroaches.

Vanquished Creatures
  An orc priest (D:4)
  4 adders (D:3)
  2 worms
  4 dart slugs
  3 orcs
  3 endoplasms (D:1)
  3 giant cockroaches
  7 goblins
  2 hobgoblins
  3 quokkas
  2 ball pythons
  5 bats
  5 frilled lizards
  4 kobolds
  4 rats
52 creatures vanquished.

Notes
Turn   | Place    | Note
-------+----------+-------------------------------------------
     0 | D:1      | funkygono the Minotaur Fighter began the quest for the Orb.
     0 | D:1      | Reached XP level 1. HP: 19/19 MP: 0/0
    44 | D:1      | Found a faded altar of an unknown god.
   105 | D:1      | Reached XP level 2. HP: 25/27 MP: 1/1
  1028 | D:2      | Found Jacwieng's Book Shop.
  1066 | D:2      | Identified the +1 quarterstaff of Cataclysm {freeze, rPois}
  1116 | D:2      | Reached XP level 3. HP: 33/33 MP: 2/2
  2072 | D:3      | Reached XP level 4. HP: 40/40 MP: 3/3
  2540 | D:4      | Found a runed translucent door.
  2542 | D:4      | Noticed Pim's ghost (amateur GnVM)
  2565 | D:4      | HP: 2/41 [something (2)]
  2567 | D:4      | Killed from afar by an orc wizard

Illustrated notes

Levels and vault maps discovered:
D:1:      eino_arrival_druids_welcome, layout_basic, basic_ecumenical_altar
D:2:      layout_loops_corners, serial_shops, nicolae_shop_tiny_statue_garden
D:3:      layout_loops_ring
D:4:      kennysheep_spiral_hall, layout_loops_ring, kennysheep_mini,
          vehumet_crystals, ebering_ghost_sewer_f, minivault_4

Skill      XL: |  1  2  3  4 |
---------------+-------------+-----
Shields        | 4 |  4.2
Armour         | 4 |  4.5
Fighting       | 4 |  4.4
Axes           | 3 4 |  4.2
Dodging        | |  0.4
Stealth        | |  0.1

Action                     |  1- 3 |  4- 6 || total
---------------------------+-------+-------++-------
  Melee: War axe           |    76 |    30 ||   106
         Headbutt          |     7 |     3 ||    10
 Armour: Scale mail        |    35 |    21 ||    56
  Dodge: Dodged            |    41 |    10 ||    51
  Block: Buckler           |    20 |     5 ||    25

Table legend: (Time is in decaauts)
 A = Elapsed time spent in this place.
 B = Non-inter-level travel time spent in this place.
 C = Inter-level travel time spent in this place.
 D = Time resting spent in this place.
 E = Time spent auto-exploring this place.
 F = Levels seen in this place.
 G = Mean time per level.
                   A        B        C        D        E       F      G
               +--------+--------+--------+--------+--------+-----+--------+
         Total |   2604 |   2491 |    113 |      0 |   2114 |   4 |  651.0 |
       Dungeon |   2604 |   2491 |    113 |      0 |   2114 |   4 |  651.0 |
               +--------+--------+--------+--------+--------+-----+--------+

Top non-repeatable levels by time:
     D:2: 905 daAuts
     D:1: 833 daAuts
     D:3: 812 daAuts
     D:4: 53 daAuts
